 Dungeon Crawl Stone Soup version 0.30-a0-6-g7c9e10e132 (webtiles) character file.

Game seed: 5479418211273600344

7767 siradein the Fighter (level 11, -8/90 HPs)
             Began as a Demonspawn Fighter on Aug 22, 2022.
             Was an Initiate of Yredelemnul.
             Mangled by a fire dragon (9 damage)
             ... on level 11 of the Dungeon.
             The game lasted 00:19:52 (11841 turns).

siradein the Fighter (Demonspawn Fighter)          Turns: 11841, Time: 00:19:52

Health: -8/90      AC: 19    Str: 22    XL:     11   Next: 1%
Magic:  0/15       EV:  6    Int:  9    God:    Yredelemnul [......]
Gold:   410        SH:  6    Dex: 24    Spells: 10/10 levels left

rFire   . . .      SeeInvis .    F - +1 demon trident (elec)
rCold   . . .      Faith    .    c - +0 buckler
rNeg    . . .      Spirit   +    i - +0 plate armour
rPois   .          Reflect  .    (no helmet)
rElec   .          Harm     .    I - +0 cloak
rCorr   .          Rampage  .    g - +0 pair of gloves
Will    .....                    (no boots)
Stlth   ..........               L - amulet of the acrobat
HPRegen 0.25/turn                D - +6 ring of dexterity
MPRegen 0.28/turn                t - +6 ring of dexterity

@: no status effects
A: hooves 1, molten scales 2, ignite blood 2, magic shield, magic regeneration
a: Renounce Religion, Recall Undead Harvest


You were on level 11 of the Dungeon.
You worshipped Yredelemnul.
Yredelemnul was noncommittal.
You visited 2 branches of the dungeon, and saw 12 of its levels.

You collected 508 gold pieces.
You spent 98 gold pieces at shops.

Inventory:

Hand Weapons
 F - a +1 demon trident of electrocution (weapon)
Missiles
 k - 51 stones (quivered)
 r - 10 boomerangs
 u - 4 throwing nets
 C - 7 curare-tipped darts
Armour
 c - a +0 buckler (worn)
 g - a +0 pair of gloves (worn)
 i - a +0 plate armour (worn)
 I - a +0 cloak (worn)
Jewellery
 n - a ring of magical power
 t - a +6 ring of dexterity (right hand)
 A - a ring of protection from fire
 D - a +6 ring of dexterity (left hand)
 G - a +6 ring of intelligence
 J - an amulet of magic regeneration
 L - an amulet of the acrobat (around neck)
 N - a ring of fire
Wands
 E - a wand of charming (8)
 K - a wand of flame (19)
 M - a wand of digging (10)
Scrolls
 a - a scroll of vulnerability {unknown}
 b - 3 scrolls of poison
 j - 3 scrolls of blinking {unknown}
 o - a scroll of butterflies
 q - 6 scrolls of enchant armour {unknown}
 v - 4 scrolls of enchant weapon {unknown}
 w - a scroll of summoning {unknown}
 x - 4 scrolls of teleportation
 y - 2 scrolls of immolation {unknown}
 z - a scroll of fear {unknown}
 H - a scroll of magic mapping {unknown}
 O - 2 scrolls of torment {unknown}
 P - a scroll of identify
Potions
 d - 3 potions of might
 e - 3 potions of haste
 f - 4 potions of invisibility
 h - 6 potions of curing
 l - 4 potions of lignification {unknown}
 m - a potion of heal wounds
 p - 3 potions of cancellation {unknown}
 s - 2 potions of flight
 B - a potion of brilliance {unknown}


   Skills:
 + Level 9.8 Fighting
 - Level 5.3 Maces & Flails
 + Level 6.6 Polearms
 + Level 8.9 Armour
 - Level 4.0 Shields
 + Level 6.4 Invocations


You had 10 spell levels left.
You didn't know any spells.
Your spell library contained the following spells:

 Spells                   Type           Power      Damage    Failure   Level
 Foxfire                  Conj/Fire      0%         2x1d4     100%        1
 Magic Dart               Conj           0%         1d3       100%        1
 Call Imp                 Summ           0%         N/A       100%        2
 Ensorcelled Hibernation  Hex/Ice        0%         N/A       100%        2
 Passwall                 Tmut/Erth      0%         N/A       100%        2
 Conjure Flame            Conj/Fire      0%         6-21      100%        3
 Inner Flame              Hex/Fire       0%         N/A       100%        3
 Mephitic Cloud           Conj/Pois/Air  0%         N/A       100%        3
 Portal Projectile        Hex/Tloc       0%         N/A       100%        3
 Spider Form              Tmut/Pois      0%         N/A       100%        3
 Swiftness                Air            0%         N/A       100%        3
 Tukima's Dance           Hex            0%         N/A       100%        3
 Anguish                  Hex/Necr       0%         N/A       100%        4
 Flame Wave               Conj/Fire      0%         2d4       100%        4
 Passage of Golubria      Tloc           0%         N/A       100%        4
 Blade Hands              Tmut           0%         N/A       100%        5
 Yara's Violent Unravell  Hex/Tmut       0%         3d3       100%        5
 Chain Lightning          Conj/Air       0%         N/A       100%        9
 Fire Storm               Conj/Fire      0%         5d1       100%        9
 Shatter                  Erth           0%         3d5*      100%        9


Dungeon Overview and Level Annotations

Branches:
Dungeon (11/15)            Temple (1/1) D:7
   Lair: D:8-11         Orc: D:9-12

Altars:
Ashenzari
Cheibriados
Dithmenos
Fedhas
Gozag
Hepliaklqana
Kikubaaqudgha
Makhleb
Nemelex Xobeh
Okawaru
Qazlal
Ru
Sif Muna
Trog
Uskayaw
Vehumet
Wu Jian
Xom
Yredelemnul

Shops:
D:2 :   D:4 !


Innate Abilities, Weirdness & Mutations

You have large cloven feet.
You are mostly covered in molten scales. (AC +3)
Your demonic aura often causes spilled blood to erupt in flames.
When hurt, damage is shared between your health and your magic reserves.
You regenerate magic rapidly.


Message History

Reach: F) +1 demon trident (elec)
Press: ? - help, Dir - move target, f/p - fire dragon
Aim: a fire dragon (heavily wounded, catching its breath, ally target, about 24% to evade your +1 demon trident of electrocution)
You puncture the fire dragon! Your kick misses the fire dragon.
The fire dragon is severely wounded.
The fire dragon bites you but does no damage.
The fire dragon claws you. The fire dragon tramples you.
You hold your ground!
Reach: F) +1 demon trident (elec)
Press: ? - help, Dir - move target, f/p - fire dragon
Aim: a fire dragon (severely wounded, catching its breath, ally target, about 24% to evade your +1 demon trident of electrocution)
You barely miss the fire dragon.
You kick the fire dragon, but do no damage.
The fire dragon is severely wounded.
Your hobgoblin zombie hits the fire dragon but does no damage.
You block the fire dragon's attack. The fire dragon completely misses you.
The fire dragon tramples you but does no damage.
Reach: F) +1 demon trident (elec)
Press: ? - help, Dir - move target, f/p - fire dragon
Aim: a fire dragon (severely wounded, ally target, about 24% to evade your +1 demon trident of electrocution)
You puncture the fire dragon!
You kick the fire dragon, but do no damage.
The fire dragon is almost dead.
Your hobgoblin zombie barely misses the fire dragon.
The fire dragon is engulfed in blazing flames.
The fire dragon breathes flames at you. The blast of flame hits you!!
* * * LOW HITPOINT WARNING * * *
Unknown command.
Unknown command.
Reach: F) +1 demon trident (elec)
Press: ? - help, Dir - move target, f/p - fire dragon
Aim: a fire dragon (flame, almost dead, catching its breath, ally target, about 24% to evade your +1 demon trident of electrocution)
You hit the fire dragon. You kick the fire dragon.
The fire dragon is almost dead.
Your hobgoblin zombie closely misses the fire dragon.
The fire dragon bites you.
* * * LOW HITPOINT WARNING * * *
You block the fire dragon's attack. The fire dragon tramples you!
You die...
Your body rises from the dead as a mindless zombie.

≈≈. .§≈. #.§≈≈
#...§§ ##....
#... ####D#
#..Z@# #
##.#### ##
###Z.#
Z#########...##
.#...#..##.###
...........#
#........###
..###.#..# ..#
####.#


You could see a fire dragon (catching breath, ally target) and a friendly
hobgoblin zombie.

Vanquished Creatures
  2 two-headed ogres
  A gargoyle (D:11)
  A komodo dragon (D:10)
  A troll (D:10)
  A shadow (D:10)
  A wraith (D:11)
  Eustachio (D:6)
  7 yaks (D:10)
  3 wyverns
  2 steam dragons
  An acid dragon (D:11)
  2 water moccasins
  2 orc warriors (D:8)
  2 ice beasts
  A sky beast (D:5)
  A black bear (D:6)
  2 ogres
  3 centaurs
  3 kobold brigands
  A phantom (D:6)
  Blork the orc (D:5)
  2 bullfrogs (D:7)
  A necrophage (D:3)
  A gnoll sergeant (D:9)
  3 wights (D:10)
  Dowan (D:7)
  5 killer bees (D:10)
  A howler monkey (D:8)
  A jelly (D:5)
  3 orc priests
  A hound (D:4)
  2 gnoll boudas
  Jessica (D:3)
  3 iguanas
  5 orc wizards
  19 gnolls
  8 adders
  2 shadow imps (D:7)
  2 ufetubi (D:6)
  2 worms (D:2)
  3 dart slugs
  23 orcs
  5 ball pythons
  5 endoplasms
  4 giant cockroaches
  9 hobgoblins
  3 jackals (D:2)
  4 quokkas
  A bat (D:2)
  A frilled lizard (D:2)
  8 goblins
  A goblin zombie (D:11)
  18 kobolds
  8 rats
195 creatures vanquished.

Vanquished Creatures (collateral kills)
  A gargoyle (D:10)
  2 wights (D:10)
  A killer bee (D:10)
4 creatures vanquished.

Vanquished Creatures (others)
  Duvessa (D:7)
  A wyvern zombie (D:10)
  A troll zombie (D:10)
  3 yak zombies (D:10)
  A killer bee zombie (D:10)
  An acid dragon zombie (D:11)
8 creatures vanquished.

Grand Total: 207 creatures vanquished

Notes
Turn   | Place    | Note
-------+----------+-------------------------------------------
     0 | D:1      | siradein the Demonspawn Fighter began the quest for the
                  | Orb.
     0 | D:1      | Reached XP level 1. HP: 18/18 MP: 1/1
   509 | D:1      | Gained mutation: You are partially covered in molten
                  | scales. (AC +2) [demonic ancestry]
   509 | D:1      | Reached XP level 2. HP: 24/24 MP: 2/2
   624 | D:1      | Found a faded altar of an unknown god.
  1327 | D:2      | Gained mutation: You have large cloven feet. [demonic
                  | ancestry]
  1327 | D:2      | Reached XP level 3. HP: 26/29 MP: 3/3
  1588 | D:2      | Found Dudourek's Book Shop.
  1931 | D:3      | Gained mutation: Your demonic aura sometimes causes spilled
                  | blood to erupt in flames. [demonic ancestry]
  1931 | D:3      | Reached XP level 4. HP: 32/35 MP: 4/4
  2634 | D:3      | Noticed a necrophage
  2653 | D:3      | Killed a necrophage
  2654 | D:3      | Gained mutation: You are mostly covered in molten scales.
                  | (AC +3) [demonic ancestry]
  2654 | D:3      | Reached XP level 5. HP: 39/42 MP: 5/5
  2846 | D:3      | Noticed Jessica
  2855 | D:3      | Killed Jessica
  2856 | D:3      | Reached skill level 4 in Fighting
  3357 | D:4      | Found Coklanenk's Distillery.
  3371 | D:4      | Bought a potion of degeneration for 14 gold pieces
  3371 | D:4      | Bought a potion of flight for 42 gold pieces
  3371 | D:4      | Bought a potion of attraction for 42 gold pieces
  3878 | D:4      | Gained mutation: Your demonic aura often causes spilled
                  | blood to erupt in flames. [demonic ancestry]
  3878 | D:4      | Reached XP level 6. HP: 48/48 MP: 6/6
  4189 | D:4      | Found a broken altar of Ashenzari.
  4342 | D:5      | Entered Level 5 of the Dungeon
  4578 | D:5      | Noticed a sky beast
  4595 | D:5      | Killed a sky beast
  4596 | D:5      | Reached XP level 7. HP: 43/55 MP: 7/7
  4733 | D:5      | Noticed Blork the orc
  4740 | D:5      | Killed Blork the orc
  4741 | D:5      | Reached skill level 5 in Fighting
  5254 | D:6      | Reached skill level 5 in Armour
  5629 | D:6      | Noticed Eustachio
  5637 | D:6      | Killed Eustachio
  5638 | D:6      | Reached skill level 6 in Fighting
  5638 | D:6      | Reached skill level 5 in Maces & Flails
  5638 | D:6      | Reached XP level 8. HP: 59/64 MP: 8/8
  6489 | D:7      | Reached skill level 1 in Polearms
  6628 | D:7      | Found a staircase to the Ecumenical Temple.
  6778 | D:7      | Reached skill level 7 in Fighting
  6779 | Temple   | Entered the Ecumenical Temple
  7249 | D:7      | Noticed Duvessa
  7249 | D:7      | Noticed Dowan
  7254 | D:7      | Killed Duvessa
  7259 | D:7      | Killed Dowan
  7361 | D:7      | Gained mutation: You regenerate magic rapidly. [demonic
                  | ancestry]
  7361 | D:7      | Reached XP level 9. HP: 62/72 MP: 9/9
  7763 | D:8      | Found a blossoming altar of Fedhas.
  9249 | D:9      | Reached skill level 8 in Fighting
  9356 | D:9      | Found a blossoming altar of Fedhas.
  9358 | D:9      | Found a hazy altar of Hepliaklqana.
  9360 | D:9      | Found a shadowy altar of Dithmenos.
  9361 | D:9      | Found a bloodstained altar of Trog.
  9361 | D:9      | Found a stormy altar of Qazlal.
  9361 | D:9      | Found an opulent altar of Gozag.
  9362 | D:9      | Found a snail-covered altar of Cheibriados.
  9362 | D:9      | Found a shimmering altar of Xom.
  9363 | D:9      | Found a basalt altar of Yredelemnul.
  9364 | D:9      | Found a sacrificial altar of Ru.
  9379 | D:9      | Became a worshipper of Yredelemnul the Dark
  9459 | D:9      | Reached skill level 1 in Invocations
  9566 | D:9      | Noticed a two-headed ogre
  9574 | D:9      | Killed a two-headed ogre
  9575 | D:9      | Reached skill level 5 in Polearms
  9575 | D:9      | Reached XP level 10. HP: 28/82 MP: 9/12
  9896 | D:9      | Reached * piety under Yredelemnul
 10310 | D:10     | Entered Level 10 of the Dungeon
 10389 | D:10     | Reached ** piety under Yredelemnul
 10389 | D:10     | Reached skill level 9 in Fighting
 10892 | D:10     | Reached skill level 5 in Invocations
 10896 | D:10     | Reached *** piety under Yredelemnul
 11007 | D:10     | Noticed a gargoyle
 11021 | D:10     | Killed a gargoyle
 11399 | D:11     | Noticed a gargoyle
 11417 | D:11     | Noticed a two-headed ogre
 11426 | D:11     | Killed a two-headed ogre
 11596 | D:11     | Found an iron altar of Okawaru.
 11823 | D:11     | Noticed a fire dragon
 11823 | D:11     | Noticed a gargoyle
 11828 | D:11     | Killed a gargoyle
 11829 | D:11     | Gained mutation: When hurt, damage is shared between your
                  | health and your magic reserves. [demonic ancestry]
 11829 | D:11     | Reached XP level 11. HP: 79/90 MP: 15/15
 11841 | D:11     | HP: 1/90 [fire dragon (5)]
 11841 | D:11     | Mangled by a fire dragon

Illustrated notes

Levels and vault maps discovered:
D:1:      lightli_arrival_chessboard, layout_basic,
          ebering_ecumenical_altar_mist
D:2:      layout_rooms, serial_shops, nicolae_shop_stone
D:3:      layout_basic, uniq_jessica
D:4:      layout_basic, mainiacjoe_overflow_brackets, serial_shops, shop
D:5:      layout_cave_pools, uniq_blork_the_orc
D:6:      layout_gridville, nicolae_overflow_hidden_temple,
          kennysheep_generic_room_11, uniq_eustachio
D:7:      layout_loops_corners, minmay_temple_entry_drinking_statues,
          uniq_duvessa
D:8:      nicolae_whirlpool, layout_cave_pods, serial_park, serial_park_square2,
          serial_park_square1 [serial_park_minivault_5x5_4],
          serial_park_avenue1, serial_park_tiny_2
D:9:      layout_cross, nicolae_overflows_in_rows
D:10:     layout_long_grid
D:11:     layout_layer_cave, minmay_lair_entry_lava, okawaru_altar_gauntlet_db,
          uniq_erica
Temple:   grunt_temple_mini_profane

Skill      XL: |  1  2  3  4  5  6  7  8  9 10 |
---------------+-------------------------------+-----
Maces & Flails | 2 3 5 |  5.3
Armour         | 3 4 5 6 7 8 |  8.9
Shields        | 3 4 |  4.0
Fighting       | 4 6 7 8 9 |  9.8
Polearms       | 2 5 6 |  6.6
Invocations    | 2 6 |  6.4

Action                   |  1- 3 |  4- 6 |  7- 9 | 10-12 || total
-------------------------+-------+-------+-------+-------++-------
Melee: Flail             |   101 |   159 |    96 |       ||   356
       Kick              |     5 |    43 |    78 |    27 ||   153
       Demon trident     |       |       |   121 |   101 ||   222
Throw: Stone             |       |       |    32 |     2 ||    34
  Use: Scroll            |       |     4 |       |     1 ||     5
       Potion            |       |       |       |     2 ||     2
Armor: Scale mail        |    15 |       |       |       ||    15
       Plate armour      |    39 |   110 |   202 |    51 ||   402
       Chain mail        |    15 |       |       |       ||    15
Dodge: Dodged            |    23 |    47 |    79 |    21 ||   170
Block: Buckler           |    23 |    39 |    82 |    26 ||   170

Table legend: (Time is in decaauts)
 A = Elapsed time spent in this place.
 B = Non-inter-level travel time spent in this place.
 C = Inter-level travel time spent in this place.
 D = Time resting spent in this place.
 E = Time spent auto-exploring this place.
 F = Levels seen in this place.
 G = Mean time per level.
                   A        B        C        D        E       F      G
               +--------+--------+--------+--------+--------+-----+--------+
         Total |  12339 |  11594 |    745 |    970 |   8961 |  12 | 1028.2 |
       Dungeon |  12017 |  11295 |    722 |    970 |   8665 |  11 | 1092.5 |
        Temple |    322 |    299 |     23 |      0 |    296 |   1 |  322.0 |
               +--------+--------+--------+--------+--------+-----+--------+

Top non-repeatable levels by time:
     D:6: 1331 daAuts
     D:1: 1296 daAuts
    D:10: 1266 daAuts
     D:8: 1249 daAuts
     D:9: 1222 daAuts
     D:4: 1191 daAuts
     D:3: 1047 daAuts
     D:7: 1000 daAuts
     D:2: 976 daAuts
     D:5: 931 daAuts
    D:11: 503 daAuts
  Temple: 322 daAuts
